[Event "*** Titled Tuesday Blitz"]
[Site "Chess.com"]
[Date "2020.05.05"]
[Round "5"]
[White "Nafania1"]
[Black "almatyonelove"]
[Result "1-0"]
[WhiteElo "2391"]
[BlackElo "2558"]
[TimeControl "180+1"]
[EndTime "10:57:14 PDT"]
[Termination "Nafania1 won by resignation"]

1. e4 e5 2. Nf3 Nc6 3. Bb5 a6 4.
Ba4 Nf6 5. O-O Be7 6. Re1 b5 7. Bb3 d6 8. c3 O-O 9. d4 Bg4 10.
Be3 exd4 11. cxd4 Na5 12. h3 Bh5 13. Nbd2 c5 14. Bc2 Nc6 15. g4 Bg6 16. d5 Nb4 17. Bb1 a5 18. a3 Na6 19. a4 b4 20. Bf4 h5 21. Nh2 hxg4 22. hxg4 Nc7 23. Nc4 Ra6 24.
b3 Nd7 25. Nf3 Bf6 26. Ra2 Be5 27. Nfxe5 dxe5 28. Nxe5 Re8 29. Nc6 Qh4 30. Bg3 Qh3 31.
Bxc7 Nf6 32. Re3 Qh4 33. Bg3 Qh7 34. f3 Qh6 35. Rae2 Qg5 36. Kg2 Nd7 37. Qh1 f6 38.
Qh4 Qxh4 39. Bxh4 Kf7 40. Bd3 Ne5 41. Nxe5+ Rxe5 42. Bxa6 1-0

[Event "*** Titled Tuesday Blitz"]
[Site "Chess.com"]
[Date "2020.05.05"]
[Round "5"]
[White "DaggiGretarsson"]
[Black "gui_borba"]
[Result "1/2-1/2"]
[WhiteElo "2517"]
[BlackElo "2373"]
[TimeControl "180+1"]
[EndTime "10:57:15 PDT"]
[Termination "Game drawn by repetition"]

1. d4 Nf6 2. c4 e6 3. Nf3 d5 4.
Nc3 a6 5. cxd5 exd5 6. Bg5 Be6 7. Qc2 Nbd7 8. e3 Bd6 9. Bd3 h6 10. Bh4 c6 11. Bg3 Qb8 12. Rb1 a5 13. Nd2 O-O 14.
O-O Re8 15. a3 Bxg3 16. hxg3 Qd6 17. Rfc1 Nb6 18. a4 Bg4 19. Na2 Re7 20. Qb3 Nc8 21. Qa3 Qxa3 22. bxa3 Nd6 23. Nb3 Nfe4 24. f3 Nxg3 25.
fxg4 Rxe3 26. Nc5 Rxd3 27. Nxd3 Ne2+ 28. Kf2 Nxc1 29. Naxc1 Re8 30. Nc5 Re7 31. Ne2 Kf8 32. Ng3 g6 33. Ne2 Ke8 34. Nc3 Kd8 35. Re1 b6 36. Nd3 Nc4 37. Rxe7 Kxe7 38. Nb1 Kf6 39. Kf3 Ke6 40. Nf4+ Kd6 41. Nd3 Ke6 42. Ke2 Kf6 43. Kf3 Ke6 1/2-1/2

[Event "*** Titled Tuesday Blitz"]
[Site "Chess.com"]
[Date "2020.05.05"]
[Round "5"]
[White "korkmaz16"]
[Black "karinachess1"]
[Result "0-1"]
[WhiteElo "2299"]
[BlackElo "2484"]
[TimeControl "180+1"]
[EndTime "10:57:15 PDT"]
[Termination "karinachess1 won by checkmate"]

1. e4 c5 2. Nf3 e6 3. d4 cxd4 4. Nxd4 a6 5. c4 Nf6 6. Nc3 Bb4 7. Bd3 Qc7 8. O-O Nc6 9. Nxc6 dxc6 10. Na4 b5 11. a3 Be7 12. Nc3 O-O 13. Be3 e5 14. h3 Be6 15. cxb5 axb5 16. Rc1 Qb7 17. f4 exf4 18.
Rxf4 Rad8 19. e5 Nd5 20. Nxd5 Rxd5 21. Qc2 h6 22. Bh7+ Kh8 23. Be4 Rxe5 24. Bxc6 Qc7 25.
Bd4 Rg5 26. Qf2 Bd6 27. Rh4 Kg8 28. Rxh6 gxh6 29. Qf6 Be5 30. Qxh6 Rg6 31. Qd2 Bxd4+ 32. Qxd4 Qg3 33. Rc3 Qe1+ 34. Kh2 Rg5 35. Re3 Qf2 36. Qd3 Qf4+ 37. Kg1 Bc4 38. Qc3 Rd8 39. Rf3 Rd1+ 40.
Kf2 Rf1# 0-1

[Event "*** Titled Tuesday Blitz"]
[Site "Chess.com"]
[Date "2020.05.05"]
[Round "5"]
[White "johnathan113"]
[Black "IMRosen"]
[Result "1-0"]
[WhiteElo "2732"]
[BlackElo "2563"]
[TimeControl "180+1"]
[EndTime "10:57:16 PDT"]
[Termination "johnathan113 won on time"]

1. d4 d5 2. Nc3 Nf6 3. Bf4 e6 4.
Nb5 Na6 5. a3 c6 6. Nc3 Bd6 7. e3 O-O 8. Nf3 Nc7 9. Ne5 Qe7 10.
Bd3 Nd7 11. Qh5 g6 12. Qh6 Re8 13. h4 Qf8 14. Nxd7 Qxh6 15. Nf6+ Kg7 16. Nxe8+ Nxe8 17. Bxh6+ Kxh6 18. f4 c5 19. g4 Kg7 20. h5 cxd4 21.
Nb5 dxe3 22. Nxd6 Nxd6 23. Ke2 Bd7 24. Rh3 d4 25. Rah1 Rg8 26. c3 Bc6 27. R1h2 dxc3 28. bxc3 Kf8 29. Kxe3 Ke7 30. hxg6 hxg6 31. Rh7 Rd8 32.
Bxg6 Bd5 33. Bd3 Rc8 34. Kd4 b5 35. f5 Bc4 36. fxe6 Bxe6 37. g5 Rd8 38. Ke3 Nf5+ 39. Bxf5 Bxf5 40. Rh8 Rd3+ 41. Kf4 Bg6 42. Rc8 Kd7 43.
Rhh8 1-0

[Event "*** Titled Tuesday Blitz"]
[Site "Chess.com"]
[Date "2020.05.05"]
[Round "5"]
[White "Yuri202062"]
[Black "dolynachess"]
[Result "1-0"]
[WhiteElo "2572"]
[BlackElo "2396"]
[TimeControl "180+1"]
[EndTime "10:57:16 PDT"]
[Termination "Yuri202062 won on time"]

1. d4 Nf6 2. c4 c5 3. d5 b5 4. cxb5 a6 5. bxa6 Bxa6 6. Nc3 d6 7. Nf3 Nbd7 8. e4 Bxf1 9. Kxf1 g6 10. g3 Bg7 11. Kg2 O-O 12. a4 Ra6 13. Qc2 Qa8 14.
Re1 Rb8 15. Ra3 Ne8 16. Nb5 Nb6 17. b3 Nd7 18. Nc3 Nc7 19. Bg5 Kf8 20. Nd2 Rb4 21. Nc4 Nb6 22. Nxb6 Raxb6 23. Bd2 Qb7 24. Rb1 Qa6 25.
Na2 Rd4 26. Bc3 Qd3 27. Qxd3 Rxd3 28. Bxg7+ Kxg7 29. Kf1 Ra6 30. Ke2 Rd4 31. Nc3 Rb4 32. Ra2 Kf6 33. Rab2 e6 34. f3 exd5 35. exd5 Rab6 36.
Na2 Rd4 37. b4 cxb4 38. Rxb4 Rbxb4 39. Nxb4 1-0

[Event "*** Titled Tuesday Blitz"]
[Site "Chess.com"]
[Date "2020.05.05"]
[Round "5"]
[White "PlayChessSimple"]
[Black "kasparicy"]
[Result "1/2-1/2"]
[WhiteElo "2477"]
[BlackElo "2309"]
[TimeControl "180+1"]
[EndTime "10:57:16 PDT"]
[Termination "Game drawn - insufficient material"]

1. e4 c5 2. Nf3 d6 3. d4 cxd4 4. Nxd4 Nf6 5. Nc3 a6 6. g3 e6 7. Bg2 Be7 8. O-O Qc7 9. f4 Bd7 10. e5 dxe5 11. fxe5 Qxe5 12. Bf4 Qc5 13. Bxb7 Ra7 14.
Bg2 O-O 15. Kh1 Qc8 16. Qf3 Rd8 17. Rae1 Be8 18. Be5 Nbd7 19. Nc6 Nxe5 20. Nxa7 Nxf3 21. Nxc8 Nxe1 22. Nxe7+ Kf8 23. Rxe1 Kxe7 24. Kg1 Rd2 25. Re2 Rd4 26. Bf3 Kd6 27. Kf2 Bc6 28. Ke3 Bxf3 29. Kxd4 Bxe2 30. Nxe2 e5+ 31. Kc4 Ng4 32. h4 f5 33. b4 h6 34. a4 g5 35. hxg5 hxg5 36.
b5 axb5+ 37. axb5 f4 38. gxf4 exf4 39. Kd4 Ne3 40. c4 Nc2+ 41. Ke4 Kc5 42. Nxf4 gxf4 43. Kxf4 Na3 44. b6 Kxb6 45. c5+ Kxc5 1/2-1/2

[Event "*** Titled Tuesday Blitz"]
[Site "Chess.com"]
[Date "2020.05.05"]
[Round "5"]
[White "CHENNAIBOND"]
[Black "gmelviro"]
[Result "0-1"]
[WhiteElo "1215"]
[BlackElo "2267"]
[TimeControl "180+1"]
[EndTime "10:57:16 PDT"]
[Termination "gmelviro won by resignation"]

1. e4 e5 2. Nf3 Nc6 3. Bb5 a6 4. Ba4 Nf6 5. O-O Be7 6. Re1 b5 7. Bb3 d6 8. d3 Na5 9. Bd2 Nxb3 10. axb3 O-O 11. Nc3 Bb7 12. Ne2 Re8 13. Ng3 g6 14. Be3 Bf8 15. Qd2 d5 16. exd5 Nxd5 17. Bg5 f6 18. Bh6 Bb4 19. c3 Bd6 20. Ne4 Be7 21. h4 Qd7 22. c4 Nb4 23. Qxb4 Bxb4 24. Nxf6+ Kf7 25. Nxd7 Bxe1 26. Ndxe5+ Kg8 27. Rxe1 bxc4 28. bxc4 Rad8 29. Bg5 Rd6 30. c5 Rde6 31. d4 Bxf3 32. gxf3 Rb8 33. d5 Ree8 34. d6 cxd6 35. cxd6 Rb7 36.
Kg2 Re6 37. Rd1 Rxe5 38. d7 Rxd7 39. Rxd7 Rb5 40. Rd8+ Kf7 41. Rd2 Kg7 42. f4 Rb7 43. Rd7+ Rxd7 44. Kf3 Rb7 45. Ke4 h6 46. Kd5 hxg5 47.
hxg5 Rxb2 48. Ke6 0-1

[Event "*** Titled Tuesday Blitz"]
[Site "Chess.com"]
[Date "2020.05.05"]
[Round "5"]
[White "giantslayer83"]
[Black "vladislavkovalev"]
[Result "0-1"]
[WhiteElo "2701"]
[BlackElo "2882"]
[TimeControl "180+1"]
[EndTime "10:57:17 PDT"]
[Termination "vladislavkovalev won by resignation"]

1. d4 Nf6 2. c4 g6 3. Nc3 Bg7 4. e4 d6 5. Nf3 O-O 6. h3 c5 7. d5 e6 8. Bd3 exd5 9. exd5 Qe7+ 10. Be3 Bh6 11. Qd2 Bxe3 12. fxe3 Nbd7 13. O-O Ne5 14.
Nxe5 Qxe5 15. Rf3 Nd7 16. Raf1 Qe7 17. e4 Ne5 18. Rg3 Bd7 19. Qh6 f6 20. Be2 a6 21. h4 b5 22. b3 b4 23. Nd1 a5 24.
Ne3 Qg7 25. Qf4 f5 26. exf5 Bxf5 27. Nxf5 Rxf5 28. Qxf5 gxf5 29. Rxg7+ Kxg7 30. Rxf5 a4 31. g4 axb3 32. axb3 Ra2 33. Kf1 Rb2 34. g5 Rxb3 35. Rf6 Rh3 36. h5 b3 37. h6+ Rxh6 38. Rxh6 b2 39.
Rxd6 b1=Q+ 40. Kf2 Qf5+ 41. Ke1 Qxg5 42. Re6 Qe3 43. Kf1 Qf4+ 44. Ke1 Nxc4 45. Bxc4 Qxc4 46. Re7+ Kg6 47. d6 Qc3+ 48. Ke2 Qf6 49. Re4 Qxd6 0-1

[Event "*** Titled Tuesday Blitz"]
[Site "Chess.com"]
[Date "2020.05.05"]
[Round "5"]
[White "ftorodent"]
[Black "Alopekos"]
[Result "0-1"]
[WhiteElo "2659"]
[BlackElo "2457"]
[TimeControl "180+1"]
[EndTime "10:57:17 PDT"]
[Termination "Alopekos won by checkmate"]

1. d4 Nf6 2. c4 e6 3. Nf3 d5 4. Nc3 c5 5. e3 Nc6 6. a3 a6 7.
cxd5 exd5 8. Be2 Be6 9. O-O Rc8 10. Ne5 cxd4 11. exd4 Bd6 12. f4 Nxd4 13. Bd3 O-O 14. Be3 Nf5 15. Bf2 Bc5 16. Bxc5 Rxc5 17. Bxf5 Bxf5 18.
Qd4 Qc7 19. Rad1 Be4 20. Rfe1 h6 21. Re3 Rc8 22. g4 Ne8 23. Nxe4 dxe4 24. Rxe4 Rc1 25. Ree1 Rxd1 26. Rxd1 Nf6 27. g5 hxg5 28. fxg5 Re8 29. Nf3 Re4 30. Qd3 Rg4+ 31. Kh1 Ne4 32. Qe3 Qf4 33.
Rd8+ Kh7 34. Qxf4 Rxf4 35. Kg2 Rg4+ 36. Kh3 Nf2# 0-1

[Event "*** Titled Tuesday Blitz"]
[Site "Chess.com"]
[Date "2020.05.05"]
[Round "5"]
[White "Grandelicious"]
[Black "ezkybel"]
[Result "1/2-1/2"]
[WhiteElo "2735"]
[BlackElo "2451"]
[TimeControl "180+1"]
[EndTime "10:57:17 PDT"]
[Termination "Game drawn by repetition"]

1. Nf3 Nf6 2. g3 g6 3. b3 Bg7 4. Bb2 O-O 5. Bg2 a5 6. O-O a4 7. b4 d6 8. c4 e5 9. d3 Re8 10. a3 e4 11. dxe4 Nxe4 12. Bxg7 Kxg7 13. Nfd2 Qf6 14.
Ra2 Nc3 15. Nxc3 Qxc3 16. Ne4 Qe5 17. Rd2 Nc6 18. Rd5 Qe7 19. Qa1+ f6 20. c5 dxc5 21. Rxc5 Bf5 22. Nc3 Rad8 23. Nd5 Qd6 24. Rfc1 Rd7 25. e3 h5 26. Qc3 h4 27. b5 Ne5 28. Rxc7 h3 29. Bh1 Rd8 30. Rxd7+ Rxd7 31. e4 Be6 32. f4 Ng4 33. Bf3 Bxd5 34. exd5 Qb6+ 35. Qc5 Qxc5+ 36.
Rxc5 f5 37. b6 Kf6 38. Rc7 Ke7 39. Bxg4 fxg4 40. Kf2 Rxc7 41. bxc7 Kd7 42. d6 b5 43. Ke3 b4 44. Kd3 b3 45. Kc3 Kc8 46. Kb2 Kd7 47.
Kc3 Kc8 48. Kb2 Kd7 49. Kb1 Kc8 50. Kb2 1/2-1/2

[Event "*** Titled Tuesday Blitz"]
[Site "Chess.com"]
[Date "2020.05.05"]
[Round "5"]
[White "StephenDedalus83"]
[Black "MathiasWomacka"]
[Result "0-1"]
[WhiteElo "2668"]
[BlackElo "2452"]
[TimeControl "180+1"]
[EndTime "10:57:17 PDT"]
[Termination "MathiasWomacka won by checkmate"]

1. e4 c5 2. Nf3 d6 3. d4 cxd4 4. Nxd4 Nf6 5. Nc3 a6 6. h3 e6 7. g4 b5 8. g5 Nfd7 9. a3 Bb7 10. h4 Nc6 11. Be3 Rc8 12. h5 Be7 13. Rg1 g6 14. Bh3 Nde5 15. Nxc6 Bxc6 16. f4 Nc4 17.
Bc1 a5 18. b3 b4 19. axb4 axb4 20. Ne2 Na3 21. Bg2 e5 22. Bxa3 bxa3 23. Qd2 exf4 24. Nxf4 Bxg5 25. Rxa3 Qf6 26. Rf1 O-O 27. Ra6 Rfe8 28. Kd1 Bxe4 29. Nd5 Qe5 30. hxg6 Bxd2 31. gxf7+ Kh8 32. fxe8=Q+ Rxe8 33. Bxe4 Qxe4 34. Kxd2 Qxd5+ 35. Kc3 Qe5+ 36. Kd2 Qd4+ 37. Kc1 Re2 38. Rc6 Qe3+ 39.
Kb2 Re1 40. Rf7 Kg8 41. Rb7 Qe5+ 42. c3 Qe2+ 43. Ka3 Ra1+ 44. Kb4 Qe4+ 45. Kb5 Qd5+ 46. Kb6 Qa5# 0-1

[Event "*** Titled Tuesday Blitz"]
[Site "Chess.com"]
[Date "2020.05.05"]
[Round "5"]
[White "AshotParvanyan"]
[Black "ahachess"]
[Result "0-1"]
[WhiteElo "2489"]
[BlackElo "2366"]
[TimeControl "180+1"]
[EndTime "10:57:17 PDT"]
[Termination "ahachess won on time"]

1. Nf3 Nf6 2. c4 g6 3. g3 Bg7 4. Bg2 O-O 5. O-O d6 6. d3 Nc6 7. Nc3 e5 8. h3 Bf5 9. e4 Bd7 10. Be3 Qc8 11. Kh2 Nh5 12. Nd5 Be6 13. Rb1 Qd7 14.
Ng5 h6 15. Nxe6 fxe6 16. Nc3 a5 17. a3 Nd4 18. Bxd4 exd4 19. Ne2 a4 20. f4 e5 21. f5 g5 22. Ng1 Nf6 23. Bf3 Qf7 24. g4 b6 25. Qd2 Nd7 26. Ne2 Nc5 27. Ng3 Bf6 28.
Nh5 Kh7 29. Bd1 Rh8 30. Bc2 Rhb8 31. Qb4 Kg8 32. b3 axb3 33. Bxb3 Nxd3 34. Qd2 Nc5 0-1

[Event "*** Titled Tuesday Blitz"]
[Site "Chess.com"]
[Date "2020.05.05"]
[Round "5"]
[White "cuprichanin"]
[Black "dukicz123"]
[Result "1-0"]
[WhiteElo "2336"]
[BlackElo "2479"]
[TimeControl "180+1"]
[EndTime "10:57:17 PDT"]
[Termination "cuprichanin won by resignation"]

1. Nc3 e5 2. e4 Nc6 3. Bc4 Nf6 4. d3 Na5 5. Nge2 Nxc4 6. dxc4 Be7 7. O-O O-O 8. Ng3 d6 9. h3 Be6 10. Nd5 Nd7 11. Qf3 Nb6 12. Nxe7+ Qxe7 13. b3 a5 14. a4 Nd7 15. Nh5 f5 16. exf5 Bxf5 17. Qxb7 Nc5 18.
Qd5+ Kh8 19. Qd1 Ne4 20. Ng3 Nxg3 21. fxg3 Bg6 22. Rxf8+ Rxf8 23. Bd2 e4 24. Qe2 Qe5 25. Rf1 Re8 26. Qe3 h6 27. Bc3 Qh5 28. g4 Qh4 29. Qd4 Qe7 30. Qe3 Qh4 31. Rf4 Kh7 32. g3 Qe7 33. h4 h5 34. gxh5 Bxh5 35. g4 Bf7 36. h5 Qg5 37. Kf2 Qh4+ 38. Ke2 Qh2+ 39. Qf2 Qxf2+ 40.
Kxf2 Kg8 41. Ke3 d5 42. c5 c6 43. Bxa5 Re5 44. Bc3 Rg5 45. a5 Be6 46. a6 Bc8 47. a7 Bb7 48. Bd4 g6 49. h6 1-0

[Event "*** Titled Tuesday Blitz"]
[Site "Chess.com"]
[Date "2020.05.05"]
[Round "5"]
[White "Skatchkov_V"]
[Black "ajian"]
[Result "1-0"]
[WhiteElo "2557"]
[BlackElo "2392"]
[TimeControl "180+1"]
[EndTime "10:57:18 PDT"]
[Termination "Skatchkov_V won by checkmate"]

1. d4 Nf6 2. c4 e6 3. Nf3 d5 4.
g3 dxc4 5. Bg2 a6 6. O-O b5 7. a4 Bb7 8. b3 cxb3 9. Qxb3 b4 10. Bf4 Nbd7 11. Nbd2 Be7 12. Rac1 Nd5 13. e4 Nc3 14.
Rfe1 Nf6 15. Nb1 Nxb1 16. Bxc7 Nd2 17. Nxd2 Qd7 18. Be5 Rc8 19. Nc4 O-O 20. Nb6 Rxc1 21. Rxc1 Qd8 22. Rc7 Bxe4 23. Bxf6 Bxf6 24. Rd7 Qxb6 25.
Bxe4 Rd8 26. Rxd8+ Bxd8 27. d5 a5 28. dxe6 Qxe6 29. Bd5 Qe1+ 30. Kg2 Qe7 31. Qc4 g6 32. Qc8 Kg7 33. h4 Qc7 34. Qa6 Qc5 35. Qb7 Qd6 36.
Qxf7+ Kh8 37. Qg8# 1-0

[Event "*** Titled Tuesday Blitz"]
[Site "Chess.com"]
[Date "2020.05.05"]
[Round "5"]
[White "heyiampotato"]
[Black "Caisachess"]
[Result "1-0"]
[WhiteElo "2536"]
[BlackElo "2334"]
[TimeControl "180+1"]
[EndTime "10:57:18 PDT"]
[Termination "heyiampotato won by resignation"]

1. d4 Nf6 2. Nf3 e6 3. c4 d5 4. Nc3 c5 5. e3 cxd4 6. exd4 Bb4 7. Bd3 dxc4 8. Bxc4 O-O 9. O-O h6 10. a3 Bd6 11.
Qe2 a6 12. a4 b6 13. Be3 Bb7 14. Rad1 Qc7 15. Rc1 Nc6 16. Rfd1 Qe7 17. h3 Nb4 18.
Ne5 Rac8 19. Bf4 Rfd8 20. Bg3 Bb8 21. Bb3 Nbd5 22. Re1 Re8 23. Ba2 Qb4 24. Qd2 Rcd8 25. Bb1 Ne7 26. Rcd1 Nf5 27. Bxf5 exf5 28. Bh4 Qd6 29.
Qe3 g5 30. Bxg5 hxg5 31. Qxg5+ Kf8 32. Qxf5 Bc8 33. Qg5 Bb7 34. Qh6+ Kg8 35. Re3 Rxe5 36. dxe5 Qxd1+ 37. Nxd1 Rxd1+ 38. Kh2 Rd5 39. Rg3+ 1-0

[Event "*** Titled Tuesday Blitz"]
[Site "Chess.com"]
[Date "2020.05.05"]
[Round "5"]
[White "zala02"]
[Black "AttilaTurzo"]
[Result "1/2-1/2"]
[WhiteElo "2251"]
[BlackElo "2488"]
[TimeControl "180+1"]
[EndTime "10:57:18 PDT"]
[Termination "Game drawn by repetition"]

1. d4 Nf6 2. c4 e6 3. Nc3 Bb4 4. Nf3 O-O 5. Bg5 h6 6. Bh4 c5 7. e3 Qa5 8. Qc2 Ne4 9. Rc1 d5 10. cxd5 exd5 11. Bd3 cxd4 12. Nxd4 Qxa2 13. Bxe4 dxe4 14.
O-O Qa6 15. Nxe4 Bd7 16. Rfd1 Nc6 17. Nxc6 Bxc6 18. Nc5 Qb5 19. Qc4 Qxc4 20. Rxc4 a5 21. Nd3 Bb5 22. Rd4 Bxd3 23. R4xd3 Rfc8 24. h3 Kf8 25.
Bg3 Rc2 26. b3 b5 27. Bd6+ Bxd6 28. Rxd6 a4 29. bxa4 bxa4 30. Rd8+ Rxd8 31. Rxd8+ Ke7 32. Ra8 Rc4 33. Kf1 h5 34. Ke2 Kd6 35. Kd3 Rb4 36.
Kc3 Re4 37. Kd3 Rb4 38. Kc3 Rb3+ 39. Kc2 Rb4 40. Kc3 1/2-1/2

[Event "*** Titled Tuesday Blitz"]
[Site "Chess.com"]
[Date "2020.05.05"]
[Round "5"]
[White "AnishGiri"]
[Black "GukeshDommaraju"]
[Result "1-0"]
[WhiteElo "3059"]
[BlackElo "2798"]
[TimeControl "180+1"]
[EndTime "10:57:19 PDT"]
[Termination "AnishGiri won by resignation"]

1. e4 c5 2. Nf3 Nc6 3. Bb5 g6 4. O-O Bg7 5. Bxc6 dxc6 6. d3 Nf6 7. Re1 O-O 8. e5 Nd5 9. Nbd2 b6 10. h3 Nc7 11. b3 Be6 12. Ne4 Bd5 13. Bf4 Ne6 14.
Qd2 Nxf4 15. Qxf4 Qc7 16. h4 h6 17. Qg3 Rad8 18. Re2 Kh7 19. Rae1 f5 20. exf6 Qxg3 21.
Nxg3 exf6 22. Re7 Bxf3 23. gxf3 h5 24. R1e6 Rd4 25. Ne4 Kg8 26. Rxc6 Rf7 27. Rxf7 Kxf7 28. Rc7+ Kg8 29. Rxa7 f5 30. Ra8+ Bf8 31. Ng5 Rd6 32. a4 Kg7 33. Ra7+ Kg8 34. f4 Rd4 35. Ra8 Rd6 36. Re8 Kg7 37. Kg2 Rf6 38. Ne6+ 1-0

[Event "*** Titled Tuesday Blitz"]
[Site "Chess.com"]
[Date "2020.05.05"]
[Round "5"]
[White "SharapovEvgeny"]
[Black "Dinamo81"]
[Result "1/2-1/2"]
[WhiteElo "2377"]
[BlackElo "2652"]
[TimeControl "180+1"]
[EndTime "10:57:19 PDT"]
[Termination "Game drawn - insufficient material"]

1. e4 e6 2. d4 d5 3. exd5 exd5 4. Nf3 Bd6 5. Bd3 Nc6 6. O-O Bg4 7. Re1+ Nge7 8. h3 Bh5 9. c3 Qd7 10. Nbd2 Bg6 11. Bf1 f6 12. b4 O-O 13. Nb3 b6 14. b5 Nd8 15. c4 dxc4 16. Bxc4+ Bf7 17. Qd3 Kh8 18. Bb2 Nd5 19. Rad1 Nf4 20. Qf1 Bxc4 21. Qxc4 Qf5 22. Bc1 Nxh3+ 23. gxh3 Qxf3 24. Qd3 Qxd3 25. Rxd3 a6 26. a4 axb5 27. axb5 Nf7 28. Be3 Ra3 29. Nc1 Rxd3 30. Nxd3 Re8 31. Ra1 g5 32. Ra7 Kg7 33.
Kg2 Kg6 34. Kf3 h5 35. Nb2 f5 36. Nc4 g4+ 37. hxg4 fxg4+ 38. Kg2 Re7 39. d5 Kf5 40. Nxd6+ Nxd6 41. Bxb6 Nxb5 42. Rb7 Kf6 43. Ba5 Nd6 44.
Rxc7 Rxc7 45. Bxc7 Ke5 46. Kg3 Kxd5 47. Bxd6 Kxd6 48. Kh4 Ke5 49. Kxh5 Kf4 50. Kh4 Kf3 51. Kg5 Kxf2 52. Kxg4 1/2-1/2

[Event "*** Titled Tuesday Blitz"]
[Site "Chess.com"]
[Date "2020.05.05"]
[Round "5"]
[White "LuckSlayeer"]
[Black "garicradomir"]
[Result "1-0"]
[WhiteElo "2518"]
[BlackElo "2363"]
[TimeControl "180+1"]
[EndTime "10:57:19 PDT"]
[Termination "LuckSlayeer won by resignation"]

1. e4 c5 2. Nf3 Nc6 3. d4 cxd4 4. Nxd4 e5 5. Nb5 d6 6. N1c3 a6 7. Na3 b5 8. Nd5 Nge7 9. c4 Nxd5 10. cxd5 Nd4 11.
Bd3 Be7 12. O-O O-O 13. Nc2 Bf6 14. Be3 Bd7 15. Rc1 Rc8 16. Nxd4 exd4 17. Bf4 Qb6 18. Bg3 Rc5 19. Rxc5 dxc5 20. e5 Bd8 21. e6 fxe6 22. Qh5 h6 23. d6 c4 24. Be4 Bc6 25. Qg6 Bxe4 26. Qxe6+ Kh8 27. Qxe4 d3 28. Be5 Bf6 29. Bf4 Bxb2 30. d7 Qf6 31. Qe8 Kh7 32. Bc7 d2 33.
d8=Q Rxe8 34. Qxe8 Bd4 35. Qe4+ Kh8 36. Bf4 Bc3 37.
Be3 Qd4 38. Bxd4 Bxd4 39. Qxd4 d1=Q 40. Qxd1 1-0

[Event "*** Titled Tuesday Blitz"]
[Site "Chess.com"]
[Date "2020.05.05"]
[Round "5"]
[White "LiamPutnam2008"]
[Black "heartofatiger"]
[Result "0-1"]
[WhiteElo "2532"]
[BlackElo "2417"]
[TimeControl "180+1"]
[EndTime "10:57:20 PDT"]
[Termination "heartofatiger won by checkmate"]

1. e4 Nf6 2. e5 Nd5 3. d4 d6 4.
Nf3 g6 5. Bc4 Nb6 6. Bb3 Bg7 7.
Qe2 O-O 8. h3 Nc6 9. O-O Na5 10.
Nc3 Nxb3 11. axb3 c6 12. Rd1 Bf5 13. Bf4 Re8 14. b4 a6 15. Bh2 Nd5 16. Nxd5 cxd5 17. exd6 exd6 18. Qd2 Rc8 19. c3 Be4 20. Ne1 h5 21.
Nd3 Kh7 22. f3 Bf5 23. Re1 Qd7 24. Nf2 f6 25. g4 Be6 26. Kg2 Bh6 27. Bf4 g5 28.
Bh2 f5 29. Qd3 Kh8 30. gxh5 Bf7 31. Qd2 Bxh5 32. Rxe8+ Rxe8 33. Re1 Bxf3+ 34. Kg1 Be4 35. Qd1 Kh7 36. Qh5 Rg8 37. Nd1 Qe6 38. Ne3 Rg6 39.
Kf1 Kg7 40. Bg1 g4 41. hxg4 fxg4 42. Qh4 Bg5 43. Qxg4 Bxe3 44. Qxe6 Bd3+ 45. Re2 Rxg1# 0-1

[Event "*** Titled Tuesday Blitz"]
[Site "Chess.com"]
[Date "2020.05.05"]
[Round "5"]
[White "cukus"]
[Black "LittlePeasant"]
[Result "0-1"]
[WhiteElo "2505"]
[BlackElo "2749"]
[TimeControl "180+1"]
[EndTime "10:57:21 PDT"]
[Termination "LittlePeasant won on time"]

1. e4 c5 2. Nf3 e6 3. d4 cxd4 4. Nxd4 Nc6 5. Nc3 Qc7 6. Be3 a6 7. a3 b5 8. Nxc6 Qxc6 9. Be2 Bb7 10. O-O Rc8 11. Bf3 Qc7 12. Qd3 Ne7 13. Rfd1 Bc6 14. a4 b4 15. Ne2 Ng6 16. Bd4 Qb7 17. c3 e5 18. Be3 Be7 19. cxb4 Bxb4 20. g3 O-O 21.
Nc3 Bxc3 22. bxc3 f5 23. Rab1 Qa8 24. Bg2 fxe4 25. Qd6 Rf6 26. Qb4 d5 27. a5 h6 28. h4 Kh7 29. h5 Nf8 30. Qe7 Ne6 31. Bh3 Re8 32. Qb4 Ng5 33. Bxg5 hxg5 34. Qc5 Ref8 35. Rd2 Bb5 36. Bg2 Rc8 37. Qb4 Bc4 38. Qa3 Qa7 39. Rb4 Rcf8 40. Qb2 Qc5 0-1

[Event "*** Titled Tuesday Blitz"]
[Site "Chess.com"]
[Date "2020.05.05"]
[Round "5"]
[White "IriBu"]
[Black "salomez"]
[Result "1/2-1/2"]
[WhiteElo "2440"]
[BlackElo "2229"]
[TimeControl "180+1"]
[EndTime "10:57:21 PDT"]
[Termination "Game drawn - insufficient material"]

1. e4 c5 2. Nf3 e6 3. d4 cxd4 4. Nxd4 Nf6 5. Nc3 Nc6 6. a3 Be7 7. Be3 d6 8. f3 Bd7 9. Qd2 Nxd4 10. Bxd4 Bc6 11. g4 Qa5 12. O-O-O O-O-O 13. Kb1 Kb8 14. h4 e5 15. Be3 d5 16. exd5 Nxd5 17. Nxd5 Qxd2 18. Rxd2 Bxd5 19. Be2 Rd7 20. h5 h6 21. c4 Be6 22. Rxd7 Bxd7 23. Rd1 Bc6 24. b4 Rd8 25. Rxd8+ Bxd8 26. b5 Bd7 27. c5 Bg5 28. Bxg5 hxg5 29. Kb2 f5 30. Kc3 Kc7 31. a4 Be6 32. Kb4 b6 33. a5 e4 34. gxf5 Bxf5 35.
fxe4 Bxe4 36. Bg4 Bd3 37. Bf3 bxc5+ 38. Kxc5 Bf1 39. b6+ axb6+ 40. axb6+ Kb8 41. Kd6 Bh3 42. Ke7 g4 43. Bh1 g3 44. Kf7 g2 45. Bxg2 Bxg2 46.
Kxg7 Be4 47. h6 Kb7 48. h7 Bxh7 49. Kxh7 Kxb6 1/2-1/2

[Event "*** Titled Tuesday Blitz"]
[Site "Chess.com"]
[Date "2020.05.05"]
[Round "5"]
[White "MikhailovViacheslav"]
[Black "temus_galaktionov"]
[Result "1-0"]
[WhiteElo "2608"]
[BlackElo "2754"]
[TimeControl "180+1"]
[EndTime "10:57:22 PDT"]
[Termination "MikhailovViacheslav won on time"]

1. Nf3 c6 2. g3 g6 3. Bg2 Bg7 4. O-O d6 5. d4 Nd7 6. c4 Ngf6 7. Nc3 O-O 8. b3 e5 9. e3 Re8 10. Bb2 Qc7 11. Rc1 a6 12. Re1 b6 13. Qd2 Bb7 14. Ng5 Rad8 15. d5 c5 16. a4 h6 17.
Nh3 Bc8 18. e4 Rf8 19. Nd1 b5 20. axb5 axb5 21. cxb5 Qb7 22. Bf1 Nb8 23. Qe2 Ne8 24. f4 Nd7 25. Ne3 Nc7 26. Nc4 Nb8 27. b6 Nca6 28.
fxe5 dxe5 29. Bxe5 Bxe5 30. Nxe5 Qxb6 31. Nf2 Qxb3 32.
Qd2 Kg7 33. Neg4 Rh8 34. Bc4 Qb4 35. Qa2 Qb6 36. Qa1+ f6 37. e5 Bxg4 38. exf6+ Kf8 39.
f7 Rh7 40. Nxg4 Nb4 41. Qe5 1-0

[Event "*** Titled Tuesday Blitz"]
[Site "Chess.com"]
[Date "2020.05.05"]
[Round "5"]
[White "Shushik"]
[Black "sm_sharon"]
[Result "1/2-1/2"]
[WhiteElo "2032"]
[BlackElo "2195"]
[TimeControl "180+1"]
[EndTime "10:57:23 PDT"]
[Termination "Game drawn - insufficient material"]

1. e4 g6 2. d4 Bg7 3. Nc3 d6 4. f4 a6 5. Nf3 b5 6. a3 Nd7 7. Be2 Bb7 8. O-O c5 9. Be3 Ngf6 10. e5 Ng4 11. Bf2 Nxf2 12. Rxf2 cxd4 13. Qxd4 dxe5 14. fxe5 Nxe5 15. Qf4 Nxf3+ 16. Bxf3 Bxf3 17. Qxf3 O-O 18. Rd1 Bd4 19. Kh1 Qb6 20. Nd5 Qa7 21. Nxe7+ Qxe7 22. Rxd4 Rad8 23. Rxd8 Rxd8 24. g3 Rd7 25. Re2 Rd1+ 26.
Kg2 Qd8 27. Rf2 Qd7 28. Qf4 Qd5+ 29. Qf3 Qxf3+ 30. Kxf3 Rb1 31. c3 Kg7 32. Ke4 h5 33. Kd5 Re1 34. Kc5 f5 35. Kb6 Re6+ 36. Ka5 Kf6 37. a4 bxa4 38. Kxa4 Kg5 39. c4 Kg4 40. c5 g5 41. b4 f4 42. gxf4 gxf4 43. b5 f3 44. c6 axb5+ 45. Kxb5 Re2 46. Rf1 Rb2+ 47. Kc5 Rxh2 48. c7 Rc2+ 49. Kd6 f2 50. Rxf2 Rxf2 51. c8=Q+ Kg3 52. Qc3+ Rf3 53. Qe1+ Rf2 54. Qe3+ Rf3 55. Qg1+ Kh3 56. Qh1+ Kg3 57. Qxh5 Rd3+ 58. Ke6 Re3+ 59.
Kd5 Rf3 60. Ke4 Rf4+ 61. Ke3 Rg4 62. Qf5 Kh4 63. Qf3 Rg3 64. Qxg3+ Kxg3 1/2-1/2